 Dungeon Crawl Stone Soup version 0.21.1-1-g345015f (webtiles) character file.

75851 Melicamp the Fighter (level 15, -12/127 HPs)
             Began as a Barachi Abyssal Knight on Apr 13, 2018.
             Was the Champion of Lugonu.
             Hit by a large rock thrown by a stone giant (24 damage)
             ... on level 1 of the Orcish Mines.
             The game lasted 02:47:10 (27841 turns).

Melicamp the Fighter (Barachi Abyssal Knight)      Turns: 27841, Time: 02:47:11

Health: -12/127    AC: 19    Str: 25    XL:     15   Next: 51%
Magic:  18/26      EV: 15    Int: 17    God:    Lugonu [******]
Gold:   1634       SH:  0    Dex: 13    Spells: 21/29 levels left

rFire    + + +     SeeInvis .   K - +9 lajatang (distort)
rCold    . . .     Gourm    .   (shield currently unavailable)
rNeg     . . .     Faith    .   k - +1 fire dragon scales
rPois    +         Spirit   .   H - +0 helmet
rElec    +         Reflect  .   M - +2 cloak "Ceyghe" {rC+ Regen+ Int+3}
rCorr    .         Harm     .   a - +0 pair of gloves
MR       +....                  (no boots)
Stlth    ..........             g - amulet of rage
HPRegen  0.71/turn              t - ring of poison resistance
MPRegen  0.20/turn              G - ring "Binokale" {*Contam rElec rF+ Str+6 Int+2}

@: can't hop, slow
A: +LOS, swims, slowness 1, strong legs 2
a: Hop, Depart the Abyss, Bend Space, Banish, Corrupt, Enter the Abyss, Renounce
Religion, Evoke Berserk Rage


You were on level 1 of the Orcish Mines.
You worshipped Lugonu.
Lugonu was exalted by your worship.
You were hungry.

You visited 4 branches of the dungeon, and saw 19 of its levels.
You visited the Abyss 3 times.
You also visited: Sewer, Ossuary and Ice Cave.

You collected 1718 gold pieces.
You spent 84 gold pieces at shops.

Inventory:

Hand Weapons
 D - a +2 hunting sling of freezing
   (You found it on level 4 of the Dungeon)
 K - a +9 lajatang of distortion (weapon)
   (You took it off an orc priest on level 8 of the Dungeon)
 O - the +6 quarterstaff of Abuse {crush, Int+4 Dex+3}
   (You took it off an orc warrior on level 10 of the Dungeon)

   It inflicts extra damage upon your enemies.
   It affects your intelligence (+4).
   It affects your dexterity (+3).
Missiles
 e - 392 arrows
 i - 603 stones (quivered)
 r - 74 sling bullets
Armour
 a - a +0 pair of gloves (worn)
   (You found it on level 5 of the Dungeon)
 k - +1 fire dragon scales (worn)
   (You found it on level 6 of the Lair of Beasts)
 H - a +0 helmet (worn)
   (You found it on level 7 of the Dungeon)
 M - the +2 cloak "Ceyghe" (worn) {rC+ Regen+ Int+3}
   (You found it on level 10 of the Dungeon)

   It affects your intelligence (+3).
   It protects you from cold.
   It increases your rate of regeneration.
 P - a scarf of spirit shield
   (You acquired it on level 3 of the Lair of Beasts)
Jewellery
 b - an uncursed ring of ice
   (You found it on level 2 of the Dungeon)
 g - an amulet of rage (around neck)
   (You found it on level 1 of the Dungeon)
 m - an uncursed ring of positive energy
   (You found it on level 2 of the Lair of Beasts)
 t - a ring of poison resistance (left hand)
   (You found it on level 3 of the Dungeon)
 x - an uncursed ring of fire
   (You found it on level 3 of the Dungeon)
 B - an uncursed ring of protection from magic
   (You found it on level 5 of the Dungeon)
 G - the ring "Binokale" (right hand) {*Contam rElec rF+ Str+6 Int+2}
   (You took it off a kobold on level 7 of the Dungeon)

   [ring of intelligence]

   It affects your strength (+6).
   It affects your intelligence (+2).
   It protects you from fire.
   It insulates you from electricity.
   It causes magical contamination when unequipped.
 Q - an uncursed ring of ice
   (You found it on level 6 of the Lair of Beasts)
 S - a +6 amulet of reflection
   (You found it on level 5 of the Lair of Beasts)
Wands
 d - a wand of paralysis (16)
   (You found it on level 6 of the Lair of Beasts)
 j - a wand of digging (11)
   (You found it on level 6 of the Lair of Beasts)
 n - a wand of enslavement (13)
   (You found it on level 5 of the Dungeon)
 E - a wand of flame (67)
   (You found it on level 9 of the Dungeon)
 F - a wand of polymorph (15)
   (You found it on level 6 of the Lair of Beasts)
 N - a wand of iceblast (24)
   (You found it on level 9 of the Dungeon)
 R - a wand of disintegration (17)
   (You found it on level 5 of the Lair of Beasts)
Scrolls
 o - 4 scrolls of amnesia
 s - a scroll of fear
 y - 9 scrolls of remove curse
 A - 7 scrolls of teleportation
 C - 5 scrolls of blinking
 I - a scroll of immolation
 L - 3 scrolls of identify
Potions
 f - 2 potions of resistance
 h - 4 potions of flight
 l - 11 potions of curing
 p - 5 potions of agility
 q - 4 potions of brilliance
 v - 5 potions of mutation
 J - 3 potions of heal wounds
 T - a potion of magic
 U - 5 potions of might
 V - 2 potions of ambrosia
 W - 2 potions of berserk rage {unknown}
Books
 u - a book of Party Tricks
   (You found it on level 4 of the Lair of Beasts)
 z - a book of Debilitation
   (You found it on level 3 of the Lair of Beasts)
Miscellaneous
 w - a phantom mirror
 Z - a fan of gales
   (You found it on level 5 of the Lair of Beasts)
Comestibles
 c - 41 rations
 X - 4 chunks of flesh


   Skills:
 * Level 14.7 Fighting
   Level 9.7 Axes
 - Level 14.0 Staves
 + Level 11.2 Armour
 - Level 10.0 Dodging
 - Level 7.5 Spellcasting
 - Level 3.0 Hexes
 - Level 5.1 Summonings
 - Level 8.2 Invocations
 - Level 5.2 Evocations


You had 21 spell levels left.
You knew the following spells:

 Your Spells              Type           Power        Failure   Level  Hunger
a - Summon Butterflies    Summ           ###.....     3%          1    None
b - Apportation           Tloc           #.....       26%         1    None
c - Invisibility          Hex            ###.....     100%        6    #######


Dungeon Overview and Level Annotations

Branches:
Dungeon (11/15)            Temple (1/1) D:6            Lair (6/6) D:10
 Shoals (0/4) Lair:4       Spider (0/4) Lair:3        Slime (0/5) Lair:5
    Orc (1/2) D:11

Altars:
Ashenzari
Cheibriados
Dithmenos
Elyvilon
Fedhas
Gozag
Hepliaklqana
Kikubaaqudgha
Makhleb
Nemelex Xobeh
Okawaru
Qazlal
Ru
Sif Muna
Trog
Uskayaw
Vehumet
Wu Jian
Xom
Yredelemnul
Zin
The Shining One
Beogh

Shops:
D:6 ?

Annotations:
Abyss:1 Sonja


Innate Abilities, Weirdness & Mutations

Shadows flee at your approach. (+LOS)
You can swim through water.
You cover ground slowly.
You can hop long distances.


Message History

Lugonu accepts your kill. The orc misses you.
Things that are here:
a battleaxe; a plate armour; an orc corpse You slash the orc!
You kill the orc!
Lugonu accepts your kill.
Things that are here:
a war axe; a sling bullet; a war axe of chopping You slice the orc priest like a ripe choko!!!
You kill the orc priest!
Lugonu accepts your kill.
No target in view!
r - 69 sling bullets (gained 1)
Things that are here:
a war axe; a war axe of chopping
r - 70 sling bullets (gained 1)
Things that are here:
a mace; a ring mail; an orc corpse
r - 71 sling bullets (gained 1)
r - 72 sling bullets (gained 1)
You now have 1566 gold pieces (gained 23).
r - 73 sling bullets (gained 1)
r - 74 sling bullets (gained 1)
You now have 1575 gold pieces (gained 9).
You now have 1584 gold pieces (gained 9).
You now have 1590 gold pieces (gained 6).
You now have 1604 gold pieces (gained 14).
You now have 1634 gold pieces (gained 30).
An orc comes into view. It is wielding a falchion.
The orc shouts!
You hear a shout! x3
An orc warrior comes into view. It is wielding a glaive.
An orc comes into view. It is wielding a dagger.
The orc warrior shouts!
The orc shouts!
You hear a shout! x3
Found 30 gold pieces.
An orc comes into view. It is wielding a dagger.
An orc wizard comes into view. It is wielding a dagger.
An orc priest comes into view. 4 orcs, an ogre and a stone giant come into view.
The orc warrior shouts!
The orc priest shouts!
The orc shouts!
The stone giant shouts!
The orc shouts!
The ogre shouts!
You hear a shout! x2
The ogre moves out of view.
The orc warrior hits you with a glaive.
You slice the orc warrior!!
You kill the orc warrior!
Lugonu accepts your kill.
The stone giant throws a large rock.
The large rock hits you!
The orc priest mumbles some strange prayers to Beogh against you.
Beogh smites you!
The orc wizard hits you but does no damage.
The stone giant hits you!
The orc priest hits you but does no damage.
Things that are here:
a glaive; a plate armour; an orc corpse You slice the stone giant!!
The stone giant looks slightly unstable.
The stone giant is moderately wounded.
The orc wizard gestures at you while chanting.
The puff of flame hits you!
You open the stone giant like a pillowcase!!!
The stone giant seems more stable.
The stone giant is severely wounded.
The stone giant hits you!!
The orc priest invokes the aid of Beogh against you.
Beogh smites you!
You hit the stone giant.
The stone giant looks slightly unstable.
The stone giant is severely wounded.
The orc wizard hits you with a dagger.
The stone giant hits you but does no damage.
The orc priest looks braver for a moment.
You hit the stone giant but do no damage.
The stone giant is severely wounded.
The stone giant disappears!
The orc wizard casts a spell at you. The magic dart hits you!
You slice the orc!!
You kill the orc!
Lugonu accepts your kill. The orc priest barely misses you.
The orc wizard hits you but does no damage.
You slash the orc priest!
Space bends around the orc priest.
You kill the orc priest!
Lugonu accepts your kill.
The stone giant appears out of thin air!
Hop to where?
Press: ? - help, Dir - move target cursor Boing!
The stone giant throws a large rock.
The large rock hits you.
The stone giant throws a large rock.
The large rock hits you!!!
* * * LOW HITPOINT WARNING * * *
You see here a large rock.
Press: ? - help, Shift-Dir - straight line, f - stone giant
Aim: a stone giant (severely wounded, chance to defeat MR: 38%)
The stone giant resists with some effort.
You feel somewhat more hungry.
Press: ? - help, Shift-Dir - straight line, f/p - stone giant
Aim: a stone giant (severely wounded, chance to defeat MR: 38%)
The stone giant resists with some effort.
You are feeling hungry.
The stone giant throws a large rock.
The large rock hits you!!
You die...

######## ##.##.#.##
#........# ##.......#
###........#### .## ##
##...........#O#o...# ###
##.##.....C....oo)o...$#
##...
#...#...#(...oo#.#)#o.##
#....#####......@...###.o.#..
.# #....#.###.#.......#
##.###o..
#............._....# ###
#.... #........<.......##
...# ###.......).......## ..#
#........)........## ..
........)##..>......# 8
.....................#
.##...............#.##


You could see a stone giant, an orc warrior, an orc wizard and 2 orcs.

Vanquished Creatures
  A fire dragon (Lair:6)
  Fannar (Lair:1)
  A catoblepas (Lair:5)
  9 hydras
  4 two-headed ogres
  8 death yaks
  The ghost of empire the Carver, a novice MiFi of Cheibriados (D:9)
  2 thrashing horrors (Abyss:2)
  The ghost of darumender the Basher, a novice DsBe of Trog (Lair:1)
  An unseen horror (shapeshifter) (Abyss:2)
  A swamp dragon (Lair:6)
  Pikel (D:5)
  4 lindwurms (Lair:5)
  The ghost of Phong the Archer, a novice CeHu of Okawaru (D:6)
  An oklob plant (Lair:5)
  A wolf spider (Lair:3)
  A worldbinder (Abyss:2)
  A deep elf mage (D:10)
  An elephant (Lair:4)
  Joseph (Lair:1)
  A torpor snail (Lair:6)
  An ice statue (IceCv)
  7 spiny frogs
  6 komodo dragons
  A large abomination (Abyss:2)
  An efreet (Abyss:2)
  2 rime drakes
  2 ancient zymes (Abyss:2)
  A queen bee (Lair:1)
  2 trolls
  30 polar bears
  A merfolk (D:10)
  19 blink frogs
  Prince Ribbit (D:7)
  9 hippogriffs
  6 raiju
  13 dream sheep
  A shadow (D:7)
  41 yaks
  4 basilisks
  2 wyverns
  A ynoxinul (Abyss:2)
  2 hungry ghosts
  A steam dragon (Lair:6)
  Grum (D:8)
  Menkaure (D:7)
  Edmund (D:6)
  5 wargs (Lair:6)
  12 water moccasins
  An acid dragon (Lair:6)
  9 hell hounds (Lair:6)
  8 porcupines
  A hornet zombie (D:10)
  3 ice beasts
  4 orc warriors
  2 slaves (D:5)
  3 phantoms (D:11)
  3 sky beasts
  5 small abominations (Abyss:2)
  12 black bears
  An eye of draining (D:10)
  2 swamp drakes (Lair:6)
  10 necrophages
  9 ogres
  14 centaurs
  29 wolves
  A snapping turtle skeleton (Abyss:2)
  9 crocodiles
  3 big kobolds
  18 bullfrogs
  A gnoll sergeant (D:7)
  Dowan (D:4)
  A scorpion (D:7)
  25 killer bees
  A troll zombie (D:11)
  9 wights
  A howler monkey (D:4)
  4 centaur zombies
  4 crimson imps
  12 orc wizards
  A gnoll shaman (D:7)
  2 jellies
  2 centaur skeletons
  A human zombie (D:8)
  6 orc priests
  9 hounds
  A bullfrog skeleton (D:8)
  Jessica (D:2)
  2 iguanas
  Natasha (thrice) (D:2)
  8 worker ants
  2 killer bee zombies
  5 ogre zombies (D:11)
  2 big kobold zombies (Ossuary)
  3 hound zombies
  6 mummies (Ossuary)
  2 worker ant zombies
  A howler monkey zombie (D:10)
  5 gnolls
  23 adders
  3 river rats (Lair:2)
  10 oozes (Sewer)
  3 adder skeletons
  7 worms
  A dart slug (D:4)
  8 leopard geckos
  32 orcs
  8 ball pythons (Sewer)
  13 giant cockroaches
  8 goblins
  13 hobgoblins
  20 jackals
  3 quokkas
  5 bats
  20 frilled lizards
  4 goblin zombies (D:11)
  3 hobgoblin skeletons (D:11)
  7 hobgoblin zombies
  35 kobolds
  4 leopard gecko skeletons
  A leopard gecko zombie (D:6)
  2 orc skeletons (D:11)
  6 orc zombies (D:11)
  A quokka skeleton (D:6)
  8 rats
  A fungus (Lair:4)
  2 plants
736 creatures vanquished.

Vanquished Creatures (others)
  A frost giant (IceCv)
  A black mamba (Lair:1)
  A komodo dragon (Lair:5)
  2 blink frogs
  A basilisk (Lair:6)
  A steam dragon (Lair:6)
  5 yaks
  A warg (Lair:6)
  An acid dragon (Lair:6)
  A hell hound (Lair:6)
  Duvessa (D:4)
  A human (D:5)
  A wight (D:10)
  2 killer bees (Lair:1)
  2 bushes (Lair:6)
  15 fungi
  30 plants
  A withered plant (D:10)
68 creatures vanquished.

Grand Total: 804 creatures vanquished

Notes
Turn   | Place    | Note
-------+----------+-------------------------------------------
     0 | Abyss:1  | Melicamp the Barachi Abyssal Knight began the quest for the Orb.
     0 | Abyss:1  | Reached XP level 1. HP: 18/18 MP: 2/2
     2 | Abyss:1  | Found a corrupted altar of Lugonu.
    13 | Abyss:1  | Found a corrupted altar of Lugonu.
    24 | Abyss:1  | Found a corrupted altar of Lugonu.
    52 | D:1      | Escaped the Abyss
   175 | D:1      | Reached skill level 4 in Fighting
   182 | D:1      | Reached XP level 2. HP: 13/25 MP: 3/3
   843 | D:1      | Reached XP level 3. HP: 23/31 MP: 4/4
  1107 | D:2      | Reached ** piety under Lugonu
  1281 | D:2      | Noticed Jessica
  1291 | D:2      | Reached skill level 5 in Fighting
  1291 | D:2      | Reached skill level 3 in Axes
  1297 | D:2      | Killed Jessica
  1297 | D:2      | Reached XP level 4. HP: 30/39 MP: 5/5
  1390 | D:2      | Noticed Natasha
  1412 | D:2      | Killed Natasha
  1426 | D:2      | Noticed Natasha
  1431 | D:2      | HP: 9/40 [Natasha (6)]
  1433 | D:2      | Killed Natasha
  1433 | D:2      | Reached skill level 6 in Fighting
  1433 | D:2      | Reached XP level 5. HP: 9/46 MP: 6/6
  1701 | D:2      | Noticed Natasha
  1718 | D:2      | HP: 11/46 [Natasha (8)]
  1720 | D:2      | HP: 5/46 [Natasha (7)]
  1721 | D:2      | Killed Natasha
  2234 | D:2      | Found a faded altar of an unknown god.
  2747 | D:2      | Found a sparkling altar of Nemelex Xobeh.
  2904 | D:3      | Found a glowing drain.
  2950 | D:3      | Reached skill level 2 in Invocations
  2983 | Sewer    | Entered a sewer
  3075 | Sewer    | Reached XP level 6. HP: 53/53 MP: 7/7
  3140 | Sewer    | Reached skill level 3 in Armour
  3229 | Sewer    | Reached *** piety under Lugonu
  3564 | Sewer    | Reached skill level 3 in Invocations
  4311 | D:3      | Reached XP level 7. HP: 59/59 MP: 9/9
  4598 | D:3      | Reached skill level 4 in Armour
  4721 | D:4      | Found a bloodstained altar of Trog.
  4721 | D:4      | Noticed a moth of wrath
  5054 | D:4      | Reached skill level 4 in Invocations
  5093 | D:4      | Reached **** piety under Lugonu
  5563 | D:4      | Noticed Duvessa
  5563 | D:4      | Noticed Dowan
  5574 | D:4      | Killed Dowan
  5863 | D:4      | Killed Duvessa
  5863 | D:4      | Reached skill level 7 in Fighting
  6172 | D:4      | Reached skill level 5 in Armour
  6305 | D:5      | Entered Level 5 of the Dungeon
  6312 | D:5      | Reached XP level 8. HP: 59/68 MP: 11/11
  6384 | D:5      | Reached skill level 8 in Fighting
  6556 | D:5      | Got a jewelled war axe
  6559 | D:5      | Identified the +1 war axe of Woriogah {protect, rC+} (You found it on level 5 of the Dungeon)
  6597 | D:5      | Found a radiant altar of Vehumet.
  6704 | D:5      | Reached skill level 4 in Axes
  7076 | D:5      | Noticed Pikel
  7092 | D:5      | Killed Pikel
  7092 | D:5      | Reached skill level 10 in Fighting
  7092 | D:5      | Reached skill level 5 in Axes
  7298 | D:5      | Reached XP level 9. HP: 78/78 MP: 12/12
  7357 | D:5      | Found an ancient bone altar of Kikubaaqudgha.
  7660 | D:6      | Reached skill level 6 in Axes
  7660 | D:6      | Reached skill level 6 in Armour
  7703 | D:6      | Noticed Edmund
  7723 | D:6      | Killed Edmund
  7828 | D:6      | Noticed Phong's ghost (novice CeHu)
  7999 | D:6      | Killed Phong's ghost
  7999 | D:6      | Reached skill level 7 in Axes
  7999 | D:6      | Reached skill level 7 in Armour
  8224 | D:6      | Found a staircase to the Ecumenical Temple.
  8230 | Temple   | Entered the Ecumenical Temple
  8403 | D:6      | Found Luaqyl's Magic Scroll Shop.
  8409 | D:6      | Bought a scroll of identify for 28 gold pieces
  8409 | D:6      | Bought a scroll of identify for 28 gold pieces
  8409 | D:6      | Bought a scroll of identify for 28 gold pieces
  8585 | D:6      | Reached skill level 8 in Axes
  8909 | D:7      | Reached skill level 1 in Evocations
  9016 | D:7      | Noticed Menkaure
  9032 | D:7      | Killed Menkaure
  9032 | D:7      | Reached skill level 9 in Axes
  9032 | D:7      | Reached skill level 2 in Evocations
  9087 | D:7      | Reached XP level 10. HP: 31/85 MP: 13/13
  9457 | D:7      | Reached skill level 3 in Evocations
  9834 | D:7      | Noticed Prince Ribbit
 10206 | D:7      | Got a translucent marble ring
 10295 | D:7      | HP: 10/85 [Prince Ribbit (11)]
 10314 | D:7      | HP: 11/85 [centaur/arrow (3)]
 10640 | D:6      | Identified the ring "Binokale" {*Contam rElec rF+ Str+6 Int+2} (You took it off a kobold on level 7 of the Dungeon)
 10796 | D:7      | Killed Prince Ribbit
 10796 | D:7      | Reached ***** piety under Lugonu
 11121 | D:7      | Reached skill level 5 in Invocations
 11127 | D:7      | Reached skill level 8 in Armour
 11890 | D:8      | Found a sand-covered staircase.
 11926 | Ossuary  | Entered an ossuary
 12375 | D:8      | Noticed Grum
 12408 | D:8      | Killed Grum
 12408 | D:8      | Reached skill level 6 in Invocations
 12748 | D:8      | Noticed a two-headed ogre
 12778 | D:8      | Killed a two-headed ogre
 12778 | D:8      | Reached skill level 9 in Armour
 13097 | D:8      | Noticed a two-headed ogre
 13112 | D:8      | Killed a two-headed ogre
 13112 | D:8      | Reached skill level 7 in Invocations
 13112 | D:8      | Reached XP level 11. HP: 47/91 MP: 16/16
 13308 | D:8      | HP: 21/91 [orc warrior/steaming quarterstaff {crush} (2)]
 14013 | D:9      | Got a fine robe
 14211 | D:9      | Noticed empire's ghost (novice MiFi)
 14229 | D:9      | Killed empire's ghost
 14229 | D:9      | Reached skill level 8 in Invocations
 14466 | D:9      | Reached skill level 10 in Armour
 14748 | D:9      | Reached skill level 4 in Evocations
 15086 | D:9      | Reached skill level 11 in Fighting
 15134 | D:10     | Entered Level 10 of the Dungeon
 15414 | D:10     | Found a staircase to the Lair.
 15738 | D:10     | Noticed a two-headed ogre
 15748 | D:10     | Killed a two-headed ogre
 15748 | D:10     | Reached skill level 5 in Evocations
 16122 | D:10     | Got a steaming quarterstaff {crush}
 16207 | D:10     | Identified the +6 quarterstaff of Abuse {crush, Int+4 Dex+3} (You took it off an orc warrior on level 10 of the Dungeon)
 16232 | D:10     | Reached skill level 12 in Fighting
 16315 | D:10     | HP: 19/95 [merfolk/trident (7)]
 16316 | D:10     | Noticed a deep elf mage
 16688 | D:10     | Reached skill level 1 in Staves
 17035 | D:10     | Reached skill level 2 in Staves
 17063 | D:10     | Killed a deep elf mage
 17245 | D:10     | Got a jewelled cloak
 17251 | D:10     | Identified the +2 cloak "Ceyghe" {rC+ Regen+ Int+3} (You found it on level 10 of the Dungeon)
 17421 | D:11     | Reached XP level 12. HP: 72/101 MP: 18/18
 17513 | D:11     | Reached ****** piety under Lugonu
 17513 | D:11     | Reached skill level 3 in Staves
 17532 | D:11     | Found a staircase to the Orcish Mines.
 17663 | D:11     | Noticed a two-headed ogre
 17680 | D:11     | Killed a two-headed ogre
 17680 | D:11     | Reached skill level 4 in Staves
 17680 | D:11     | Reached skill level 2 in Dodging
 17917 | D:11     | Noticed a five-headed hydra
 17923 | D:11     | Killed a five-headed hydra
 17997 | D:11     | Reached skill level 5 in Staves
 18004 | D:11     | Reached skill level 3 in Dodging
 18235 | D:11     | Noticed a six-headed hydra
 18243 | D:11     | Killed a six-headed hydra
 18243 | D:11     | Reached skill level 6 in Staves
 18435 | Lair:1   | Entered Level 1 of the Lair of Beasts
 18483 | Lair:1   | Identified a +2 lajatang of distortion (a +0 lajatang corrupted by Lugonu)
 18483 | Lair:1   | Received a gift from Lugonu
 18523 | Lair:1   | Reached skill level 4 in Dodging
 18687 | Lair:1   | Noticed darumender's ghost (novice DsBe)
 18703 | Lair:1   | Reached skill level 7 in Staves
 19146 | Lair:1   | Noticed Joseph
 19154 | Lair:1   | Killed Joseph
 19154 | Lair:1   | Reached skill level 5 in Dodging
 19187 | Lair:1   | Reached skill level 8 in Staves
 19312 | Lair:1   | Noticed Fannar
 19331 | Lair:1   | Killed Fannar
 19375 | Lair:1   | Reached skill level 9 in Staves
 19393 | Lair:1   | Reached skill level 6 in Dodging
 19561 | Lair:1   | Killed darumender's ghost
 19561 | Lair:1   | Gained mutation: You can hop long distances. [Barachi growth]
 19561 | Lair:1   | Reached XP level 13. HP: 94/109 MP: 19/19
 20071 | Lair:2   | Reached skill level 10 in Staves
 20311 | Lair:2   | Noticed Sonja
 20414 | Lair:2   | Cast into level 2 of the Abyss (Sonja)
 20490 | Abyss:2  | Reached skill level 7 in Dodging
 20514 | Lair:2   | Escaped the Abyss
 20686 | Lair:2   | Cast into level 2 of the Abyss (Sonja)
 20686 | Abyss:2  | Found a runed door.
 20687 | Abyss:2  | Noticed a tentacled starspawn
 20702 | Abyss:2  | Banished a tentacled starspawn
 20702 | Abyss:2  | Reached skill level 11 in Staves
 20720 | Abyss:2  | Found a corrupted altar of Lugonu.
 20749 | Abyss:2  | Found a corrupted altar of Lugonu.
 20819 | Abyss:2  | Noticed a lich
 20825 | Abyss:2  | Paralysed by a lich for 3 turns
 20827 | Abyss:2  | HP: 18/109 [disintegration (41)]
 20829 | Lair:2   | Escaped the Abyss
 20852 | Lair:2   | HP: 21/109 [Sonja/uncursed short sword of distortion (1)]
 20854 | Lair:2   | Banished Sonja
 21205 | Lair:2   | Reached skill level 8 in Dodging
 21408 | Lair:3   | Found a hole to the Spider Nest.
 21435 | Lair:3   | Reached skill level 12 in Staves
 21538 | Lair:3   | Identified a scroll of acquirement
 22177 | Lair:4   | Found a staircase to the Shoals.
 22215 | Lair:3   | Reached skill level 9 in Dodging
 22283 | Lair:4   | Got a bloodstained war axe
 22326 | Lair:4   | Identified the +12 war axe of Ceesis {speed, rC- rN+ Dex+4} (You found it on level 4 of the Lair of Beasts)
 22546 | Lair:4   | Reached skill level 13 in Staves
 22800 | Lair:4   | Reached XP level 14. HP: 110/116 MP: 20/20
 23437 | Lair:5   | Reached skill level 10 in Dodging
 23444 | Lair:5   | Found a frozen archway.
 23469 | Lair:5   | Reached skill level 14 in Staves
 23510 | Lair:5   | Learned a level 1 spell: Summon Butterflies
 23512 | Lair:5   | Learned a level 1 spell: Apportation
 23519 | Lair:5   | Learned a level 6 spell: Invisibility
 23523 | IceCv    | Entered an ice cave
 23541 | IceCv    | Reached skill level 1 in Spellcasting
 23550 | IceCv    | Reached skill level 1 in Summonings
 23613 | IceCv    | Reached skill level 2 in Spellcasting
 23665 | IceCv    | Noticed a frost giant
 23719 | IceCv    | Banished a frost giant
 23719 | IceCv    | Reached skill level 2 in Summonings
 23809 | IceCv    | Reached skill level 3 in Spellcasting
 24023 | IceCv    | Reached skill level 3 in Summonings
 24064 | IceCv    | Reached skill level 4 in Spellcasting
 24604 | Lair:5   | Reached skill level 4 in Summonings
 24645 | Lair:5   | Reached skill level 5 in Spellcasting
 24841 | Lair:5   | Found a staircase to the Slime Pits.
 25009 | Lair:5   | Reached skill level 6 in Spellcasting
 25009 | Lair:5   | Reached skill level 5 in Summonings
 25173 | Lair:5   | Got a coiled diamond amulet
 25175 | Lair:5   | Identified the amulet "Nutool" {Harm *Drain rPois rF- Dex+3} (You found it on level 5 of the Lair of Beasts)
 25754 | Lair:6   | Entered Level 6 of the Lair of Beasts
 25801 | Lair:6   | Reached skill level 1 in Hexes
 25966 | Lair:6   | Got a heavily runed scale mail
 25991 | Lair:6   | Reached skill level 2 in Hexes
 26073 | Lair:6   | Reached skill level 7 in Spellcasting
 26104 | Lair:6   | Reached XP level 15. HP: 83/122 MP: 24/26
 26177 | Lair:6   | Identified the cursed +1 scale mail "Doym" {rF+ MR- MP+9} (You found it on level 6 of the Lair of Beasts)
 26215 | Lair:6   | Reached skill level 3 in Hexes
 26231 | Lair:6   | Reached skill level 13 in Fighting
 26549 | Lair:6   | HP: 30/125 [poisoned by a swamp dragon (blast of poison)]
 27038 | Lair:6   | Reached skill level 14 in Fighting
 27121 | Lair:6   | Reached skill level 11 in Armour
 27752 | Orc:1    | Entered Level 1 of the Orcish Mines
 27752 | Orc:1    | Found a roughly hewn altar of Beogh.
 27838 | Orc:1    | HP: 10/127 [stone giant/large rock (49)]
 27841 | Orc:1    | Hit by a large rock thrown by a stone giant

Skill      XL: |  1  2  3  4  5  6  7  8  9 10 11 12 13 14 15 |
---------------+----------------------------------------------+-----
Fighting       | 4 5 6 7 10 12 14 | 14.7
Axes           | 3 5 9 |  9.7
Invocations    | 2 3 4 7 8 |  8.2
Armour         | 3 5 7 9 10 11 | 11.2
Evocations     | 2 3 5 |  5.2
Staves         | 2 9 13 14 | 14.0
Dodging        | 6 9 10 | 10.0
Spellcasting   | 7 |  7.5
Summonings     | 5 |  5.1
Hexes          | 2 3 |  3.0

Action                   |  1- 3 |  4- 6 |  7- 9 | 10-12 | 13-15 || total
-------------------------+-------+-------+-------+-------+-------++-------
Melee: Hand axe          |    84 |   286 |   196 |       |       ||   566
       Unarmed           |     3 |       |       |       |       ||     3
       War axe           |       |       |   191 |   590 |       ||   781
       Quarterstaff      |       |       |       |   258 |    68 ||   326
       Lajatang          |       |       |       |   217 |   822 ||  1039
 Fire: Hunting sling     |       |       |    34 |    61 |   101 ||   196
Throw: Stone             |     2 |     9 |     2 |    12 |     6 ||    31
 Cast: Summon Butterflie |       |       |       |       |     1 ||     1
Invok: Bend Space        |       |       |     3 |     4 |     1 ||     8
       Brand Weapon With |       |       |       |     1 |       ||     1
       Banish            |       |       |       |       |     4 ||     4
       Depart the Abyss  |       |       |       |       |     1 ||     1
 Abil: Hop               |     1 |     2 |     7 |     7 |    11 ||    28
       Evoke Berserk Rag |       |       |     2 |     6 |     1 ||     9
Evoke: Wand              |       |       |       |       |     1 ||     1
  Use: Scroll            |     1 |     5 |    15 |    12 |    17 ||    50
       Potion            |       |       |     2 |     6 |     5 ||    13
 Stab: Invisible         |       |       |     2 |       |       ||     2
  Eat: Chunk             |     2 |     6 |     7 |    14 |    11 ||    40
       Ration            |       |     1 |     4 |    11 |     6 ||    22
Armor: Leather armour    |    20 |    26 |    83 |     7 |       ||   136
       Chain mail        |       |   134 |    73 |       |       ||   207
       Plate armour      |       |       |       |   789 |   481 ||  1270
       Fire dragon scale |       |       |       |       |   122 ||   122
Dodge: Dodged            |    36 |   141 |   146 |   497 |   603 ||  1423

Vault maps used:
D:1:      mrwooster_arrival_statue
D:2:      chequers_ecumenical_altar_simple, first_ration, hangedman_decor_push,
          nemelex_spade_bored_becter, uniq_natasha, uniq_jessica
D:3:      cheibrodos_sewer_entry_drain, serial_park_tiny_1
D:4:      tgw_trog, uniq_duvessa
D:5:      basic_altar, tgw_kikubaaqudgha, uniq_pikel
D:6:      minmay_temple_entry_butterflies, serial_shops, shop, uniq_edmund
D:7:      kennysheep_housing_project, serial_bayou_pond_a, kb_rosetta,
          uniq_prince_ribbit1, uniq_menkaure
D:8:      enter_ossuary_3, uniq_grum
D:10:     lair_entry_dummy, serial_undead, serial_undead_f, serial_undead_d,
          serial_undead_a, serial_undead_c, serial_undead_e, serial_undead_e,
          serial_undead_b, serial_undead_a, serial_undead_c, serial_undead_e,
          hangedman_stone_soup
D:11:     zombieorc1_lemuel
Temple:   kilobyte_greek_temple
Lair:1:   cheibrodos_lair_lostbears, uniq_fannar, uniq_joseph
Lair:2:   pond, uniq_sonja
Lair:3:   spider_nest_entry_rubble
Lair:4:   minmay_shoals_entry_centaurs, beast_lair_carwin_9
Lair:5:   dpeg_slime_entry_corner, portal_ice_cave_entry_pillars_1,
          minmay_lindwurm_lava, serial_bayou_shore_b, grunt_megastairs_4,
          infiniplex_staircase_pool_2
Lair:6:   hangedman_lair_caniforms_friends, guppyfry_lair_end_dragon,
          lemuel_fruit_fields
Orc:1:    serial_shops, nicolae_shop_temple_entry_statues_fountains, shop,
          basic_altar, uniq_snorg
Abyss:1:  evilmike_abyss_exit_chaos
Abyss:2:  guppyfry_abyss_exit_imp_island, minivault_13
Sewer:    sewer_frog_island_02
Ossuary:  ossuary_the_hunt_dpeg
IceCv:    ice_cave_small_giant

Table legend:
 A = Turns spent in this place as a percentage of turns spent in the entire game.
 B = Non-inter-level travel turns spent in this place as a percentage of non-inter-level travel turns spent in the entire game.
 C = Inter-level travel turns spent in this place as a percentage of turns spent in this place.
 D = Turns resting spent in this place as a percentage of non-inter-level travel turns spent in this place.
 E = Turns spent auto-exploring this place as a percentage of non-inter-level travel turns spent in this place.
 F = Non-inter-level travel turns spent in this place divided by the number of levels of this place that you've seen.
                   A       B       C       D       E      F
               +-------+-------+-------+-------+-------+----------------------
         Total | 100.0 | 100.0 |   5.2 |  33.2 |  35.0 | 1056.1
       Dungeon |  63.1 |  63.5 |   4.5 |  40.7 |  32.5 | 1523.7
        Temple |   0.5 |   0.4 |  12.4 |   0.0 |  69.9 | 113.0
          Lair |  28.9 |  28.1 |   7.8 |  18.8 |  46.3 | 1235.0
  Orcish Mines |   0.3 |   0.3 |   0.0 |   0.0 |  59.6 |  89.0
         Abyss |   1.1 |   1.1 |   0.0 |   0.7 |   0.0 |  98.3
         Sewer |   2.6 |   2.7 |   0.0 |  52.2 |   2.9 | 717.0
       Ossuary |   1.0 |   1.1 |   0.0 |  32.4 |   0.0 | 284.0
      Ice Cave |   2.6 |   2.8 |   0.0 |  11.2 |  31.4 | 733.0
               +-------+-------+-------+-------+-------+----------------------

Table legend:
 A = Kills in this place as a percentage of kills in entire the game.
 B = Kills by you in this place as a percentage of kills by you in the entire game.
 C = Kills by friends in this place as a percentage of kills by friends in the entire game.
 D = Other kills in this place as a percentage of other kills in the entire game.
 E = Experience gained in this place as a percentage of experience gained in the entire game.
 F = Experience gained in this place divided by the number of levels of this place that you have seen.
                   A       B       C       D       E      F
               +-------+-------+-------+-------+-------+----------------------
         Total | 100.0 | 100.0 |   N/A | 100.0 | 100.0 | 4334.4
       Dungeon |  48.3 |  49.5 |   N/A |   4.8 |  21.3 | 2093.7
          Lair |  35.8 |  34.6 |   N/A |  76.2 |  62.9 | 11353.0
  Orcish Mines |   0.9 |   1.0 |   N/A |   0.0 |   0.4 | 390.0
         Abyss |   2.4 |   2.3 |   N/A |   4.8 |   6.9 | 2496.0
         Sewer |   5.9 |   6.0 |   N/A |   0.0 |   0.3 | 279.0
       Ossuary |   2.0 |   2.1 |   N/A |   0.0 |   0.2 | 252.0
      Ice Cave |   4.8 |   4.5 |   N/A |  14.3 |   8.1 | 8801.0
               +-------+-------+-------+-------+-------+----------------------
